 Dungeon Crawl Stone Soup version 0.29-a0-464-g50448035db (webtiles) character file.

Game seed: 7219003483571111297

108 Bruhh the Magician (level 5, -1/35 HPs)
             Began as a Djinni Earth Elementalist on May 21, 2022.
             Slain by an adder (4 damage)
             ... on level 3 of the Dungeon.
             The game lasted 00:02:19 (2431 turns).

Bruhh the Magician (Djinni Earth Elementalist)      Turns: 2431, Time: 00:02:19

Health: -1/35      AC:  2    Str: 13    XL:     5   Next: 12%
Gold:   83         EV: 12    Int: 19    God:
                   SH:  0    Dex: 13

rFire   + + .      SeeInvis .   r - +1 dagger (elec)
rCold   x . .      Faith    .   (no shield)
rNeg    . . .      Spirit   .   b - +0 robe
rPois   ∞          Reflect  .   (no helmet)
rElec   .          Harm     .   (no cloak)
rCorr   .          Rampage  .   (no gloves)
Will    .....                   (boots unavailable)
Stlth   ++........              (no amulet)
HPRegen 0.11/turn               p - +6 ring of strength
MPRegen 0.00/turn               (no ring)

@: flying, very slightly contaminated
A: sickness immunity, fire resistance 2, cold vulnerability 1, float, innate
caster, HP casting, extra vitality 1
a: no special abilities


You were on level 3 of the Dungeon.
You visited 1 branch of the dungeon, and saw 3 of its levels.

You collected 83 gold pieces.

Inventory:

Hand Weapons
 r - a +1 dagger of electrocution (weapon)
Missiles
 a - 14 stones
Armour
 b - a +0 robe (worn)
Jewellery
 c - a ring of fire
 p - a +6 ring of strength (left hand)
 s - a ring of positive energy
Wands
 t - a wand of paralysis (6)
Scrolls
 d - 2 scrolls of teleportation {unknown}
 f - a scroll of poison {unknown}
 g - a scroll of amnesia {unknown}
 j - 3 scrolls of identify {unknown}
 k - a scroll of magic mapping {unknown}
 l - a scroll of blinking {unknown}
 n - a scroll of summoning {unknown}
 q - 2 scrolls of fear {unknown}
Potions
 e - 2 potions of flight {unknown}
 h - 2 potions of brilliance {unknown}
 i - 3 potions of haste {unknown}
 m - a potion of mutation {unknown}
 o - a potion of lignification {unknown}


   Skills:
 - Level 2.2 Dodging
 - Level 1.6 Stealth
 + Level 4.1 Spellcasting


You couldn't memorise any spells.
You knew the following spells:

 Your Spells              Type           Power      Damage    Failure   Level
a - Sandblast             Erth           38%        2d10      2%          1
b - Passwall              Tmut/Erth      15%        N/A       3%          2
c - Stone Arrow           Conj/Erth      38%        3d9       8%          3
d - Petrify               Tmut/Erth      19%        N/A       24%         4
e - Foxfire               Conj/Fire      76%        2x1d7     2%          1
f - Poisonous Vapours     Pois/Air       38%        N/A       3%          2
Your spell library was empty.

Dungeon Overview and Level Annotations

Branches:
Dungeon (3/15)

Altars:


Innate Abilities, Weirdness & Mutations

You are immune to sickness and miasma.
You are immune to poison.
Your flesh is very heat resistant. (rF++)
You are vulnerable to cold. (rC-)
You float through the air rather than walking.
You learn spells naturally, not from books.
Your magical power is your life essence.
You have superior vitality. (+4 MHP)


Message History

An adder is nearby!
An adder is nearby!
You are too injured to fight recklessly!
You are too injured to fight recklessly!
Things that are here:
a +0 flail; a gnoll corpse
Items here: ))) ††.
Casting: Sandblast (safe; 2% risk of failure)
Confirm with . or Enter, or press ? or * to list all spells.
Aiming: Sandblast (safe; 2% risk of failure)
Press: ? - help, Shift-Dir - straight line, f - adder
Aim: an adder (wandering, hasn't noticed you, 66% to hit)
The blast of sand hits the adder!
The adder is severely wounded.
The adder hisses angrily.
* * * LOW HITPOINT WARNING * * *
The adder bites you.
* * * LOW HITPOINT WARNING * * *
Unknown command.
Casting: Sandblast (safe; 2% risk of failure)
Confirm with . or Enter, or press ? or * to list all spells.
Aiming: Sandblast (safe; 2% risk of failure)
Press: ? - help, Shift-Dir - straight line, f/p - adder
Aim: an adder (severely wounded, 66% to hit)
You miscast Sandblast.
You are very lightly contaminated with residual magic.
Nothing appears to happen.
* * * LOW HITPOINT WARNING * * *
The adder closely misses you.
Unknown command.
Casting: Sandblast (safe; 2% risk of failure)
Confirm with . or Enter, or press ? or * to list all spells.
Aiming: Sandblast (safe; 2% risk of failure)
Press: ? - help, Shift-Dir - straight line, f/p - adder
Aim: an adder (severely wounded, 66% to hit)
The blast of sand hits the adder.
The adder is almost dead.
* * * LOW HITPOINT WARNING * * *
The adder barely misses you. The adder bites you.
You die...

### ##.## ##...##
#.....#########
##............#
#.######..##.###.##.#
#...S@)......# #.##.#
########..######.##.#
#.........##.#
##...########.#
##.....## #.##
##.......## ##...
#....)....####...#
+.........+.......
#.........####...#


You could see an adder.

Vanquished Creatures
  5 gnolls
  3 adders
  A dart slug (D:3)
  2 orcs (D:3)
  4 endoplasms
  3 hobgoblins (D:1)
  3 kobolds
  2 quokkas
  3 bats
  2 frilled lizards (D:1)
  4 goblins (D:1)
  2 rats (D:1)
34 creatures vanquished.

Notes
Turn   | Place    | Note
-------+----------+-------------------------------------------
     0 | D:1      | Bruhh the Djinni Earth Elementalist began the quest for the
                  | Orb.
     0 | D:1      | Reached XP level 1. HP: 15/15 MP: 0/0
   368 | D:1      | Found a faded altar of an unknown god.
   370 | D:1      | Reached XP level 2. HP: 20/21 MP: 0/0
   378 | D:1      | Reached skill level 3 in Spellcasting
   697 | D:1      | Reached XP level 3. HP: 24/25 MP: 0/0
   697 | D:1      | Learned a level 1 spell: Foxfire
  2290 | D:3      | Reached XP level 4. HP: 30/31 MP: 0/0
  2412 | D:3      | Reached skill level 4 in Spellcasting
  2414 | D:3      | Reached XP level 5. HP: 16/35 MP: 0/0
  2414 | D:3      | Learned a level 2 spell: Poisonous Vapours
  2431 | D:3      | Slain by an adder

Illustrated notes

Levels and vault maps discovered:
D:1:      mushboom_english_gardens, layout_basic,
          hellmonk_ecumenical_altar_run_dry
D:2:      layout_basic, minmay_misc_feat_rows
D:3:      layout_loops_corners, eino_curves_02

Skill      XL: |  1  2  3  4 |
---------------+-------------+-----
Spellcasting   | 3 4 |  4.1
Dodging        | |  2.2
Stealth        | |  1.6

Action                   |  1- 3 |  4- 6 || total
-------------------------+-------+-------++-------
Melee: Dagger            |       |     1 ||     1
 Cast: Sandblast         |    38 |    16 ||    54
Armor: Robe              |     1 |       ||     1
Dodge: Dodged            |    11 |     5 ||    16

Table legend: (Time is in decaauts)
 A = Elapsed time spent in this place.
 B = Non-inter-level travel time spent in this place.
 C = Inter-level travel time spent in this place.
 D = Time resting spent in this place.
 E = Time spent auto-exploring this place.
 F = Levels seen in this place.
 G = Mean time per level.
                   A        B        C        D        E       F      G
               +--------+--------+--------+--------+--------+-----+--------+
         Total |   2429 |   2275 |    154 |      0 |   2091 |   3 |  809.7 |
       Dungeon |   2429 |   2275 |    154 |      0 |   2091 |   3 |  809.7 |
               +--------+--------+--------+--------+--------+-----+--------+

Top non-repeatable levels by time:
     D:1: 1485 daAuts
     D:2: 614 daAuts
     D:3: 330 daAuts
